 Dungeon Crawl Stone Soup version 0.28-a0-1504-g839a4452db (webtiles) character file.

Game seed: 15589236074352322079

137 Cheeritup the Skirmisher (level 5, 0/40 (44) HPs)
             Began as a Formicid Fighter on Jan 13, 2022.
             Killed by divine providence
             ... invoked by an orc priest
              (12 damage)
             ... on level 3 of the Dungeon.
             The game lasted 00:06:55 (3133 turns).

Cheeritup the Skirmisher (Formicid Fighter)         Turns: 3133, Time: 00:06:56

HP:   0/40 (44)     AC:  6    Str: 20    XL:     5   Next: 44%
MP:   5/5           EV:  9    Int:  8    God:
Gold: 164           SH:  4    Dex: 12    Spells: 4/4 levels left

rFire   . . .      SeeInvis +   a - +0 quarterstaff
rCold   . . .      Faith    .   c - +0 buckler
rNeg    . . .      Spirit   .   b - +0 scale mail
rPois   .          Reflect  .   (helmet unavailable)
rElec   .          Harm     .   (no cloak)
rCorr   .          Rampage  .   (no gloves)
Will    .....                   (no boots)
Stlth   ..........              f - amulet of magic regeneration
HPRegen 0.13/turn               (no ring)
MPRegen 0.49/turn               (no ring)

@: drained
A: permanent stasis, dig shafts and tunnels, antennae 3, four strong arms
a: Dig, Shaft Self


You were on level 3 of the Dungeon.
You visited 1 branch of the dungeon, and saw 3 of its levels.

You collected 164 gold pieces.

Inventory:

Hand Weapons
 a - a +0 quarterstaff (weapon)
Missiles
 e - 4 boomerangs of dispersal
Armour
 b - a +0 scale mail (worn)
 c - a +0 buckler (worn)
Jewellery
 d - a ring of poison resistance
 f - an amulet of magic regeneration (around neck)
Scrolls
 g - a scroll of blinking {unknown}
 k - a scroll of identify {unknown}
 m - a scroll of fog {unknown}
 n - a scroll of enchant armour {unknown}
Potions
 h - a potion of curing {unknown}
 i - a potion of cancellation {unknown}
 j - a potion of heal wounds {unknown}
 l - 3 potions of mutation {unknown}


   Skills:
 - Level 5.0 Fighting
 + Level 4.0 Staves
 - Level 3.2 Armour
 - Level 3.6 Shields


You had 4 spell levels left.
You didn't know any spells.
Your spell library contained the following spells:

 Spells                   Type           Power      Damage    Failure   Level
 Ensorcelled Hibernation  Hex/Ice        0%         N/A       92%         2
 Spider Form              Tmut/Pois      0%         N/A       99%         3
 Anguish                  Hex/Necr       0%         N/A       100%        4


Dungeon Overview and Level Annotations

Branches:
Dungeon (3/15)

Altars:


Innate Abilities, Weirdness & Mutations

You cannot be hasted, slowed, berserked, paralysed or teleported.
You can dig through walls and to a lower floor.
You have a pair of large antennae on your head. (SInv)
Your four strong arms can wield two-handed weapons with a shield.


Message History

You barely miss the orc. You block the orc's attack.
You hit the orc.
The orc is moderately wounded.
The orc hits you with a +2 short sword of draining.
You feel drained.
The orc hits you with a +2 short sword of draining.
You feel drained.
You hit the orc.
You kill the orc!
You hit the orc.
The orc is severely wounded.
The orc hits you with a +0 short sword.
You barely miss the orc.
The orc is severely wounded.
The orc hits you with a +0 short sword.
You hit the orc but do no damage.
The orc is severely wounded.
The orc hits you but does no damage.
You barely miss the orc.
The orc is severely wounded.
The orc hits you with a +0 short sword.
The orc priest looks satisfied for a moment.
The orc hits you but does no damage.
You are too injured to fight recklessly!
You are too injured to fight recklessly!
You closely miss the orc.
The orc is severely wounded.
The orc hits you with a +0 short sword.
You hit the orc.
You kill the orc!
Your Staves skill increases to level 4!
The orc priest begins to cast a cantrip, but forgets the words!
The worm completely misses you.
The orc priest calls down the wrath of Beogh upon you.
Beogh smites you!
* * * LOW HITPOINT WARNING * * *
The orc priest casts a cantrip, but nothing happens.
The orc priest calls down the wrath of Beogh upon you.
Beogh smites you!
You die...

#..{...#
#######.{##.##
#' #.........###
#. #...#.....#
#.##..#.....o#
##.##.#######.#
##...#..#......#
#........#.....#
##.........@...#
##.#.##########
#.#####.#.#
..........#
#.#####.### #.#
#.# #.# #.#####


You could see an orc priest.

Vanquished Creatures
  4 gnolls (D:2)
  4 adders
  3 dart slugs
  2 orcs (D:3)
  7 endoplasms
  4 giant cockroaches
  6 goblins
  2 hobgoblins (D:1)
  4 jackals (D:1)
  A quokka (D:1)
  5 ball pythons
  6 bats
  4 frilled lizards
  A kobold (D:1)
  4 rats
57 creatures vanquished.

Notes
Turn   | Place    | Note
-------+----------+-------------------------------------------
     0 | D:1      | Cheeritup the Formicid Fighter began the quest for the Orb.
     0 | D:1      | Reached XP level 1. HP: 18/18 MP: 1/1
   116 | D:1      | Reached XP level 2. HP: 22/24 MP: 2/2
   545 | D:1      | Reached XP level 3. HP: 29/30 MP: 3/3
   689 | D:1      | Reached skill level 4 in Fighting
   978 | D:2      | Found a faded altar of an unknown god.
  1240 | D:2      | Reached XP level 4. HP: 17/37 MP: 4/4
  1925 | D:2      | Reached XP level 5. HP: 4/43 MP: 5/5
  2952 | D:3      | Reached skill level 5 in Fighting
  3133 | D:3      | Killed from afar by an orc priest

Illustrated notes

Levels and vault maps discovered:
D:1:      roderic_dead_forest, layout_loops_ring, minmay_fountain_box,
          minmay_distorted
D:2:      layout_basic, nicolae_ecumenical_oubliette, grunt_ministairs_8
D:3:      layout_loops_corners, nicolae_uskayaw_suspiria, serial_shops,
          nicolae_shop_advertising_works [nicolae_subvault_shop_adworks]

Skill      XL: |  1  2  3  4  5 |
---------------+----------------+-----
Fighting       | 4 5 |  5.0
Staves         | 3 4 |  4.0
Armour         | |  3.2
Shields        | |  3.6

Action                   |  1- 3 |  4- 6 || total
-------------------------+-------+-------++-------
Melee: Quarterstaff      |   106 |    97 ||   203
 Abil: Dig               |     2 |       ||     2
  Use: Potion            |       |     1 ||     1
Armor: Scale mail        |    51 |    30 ||    81
Dodge: Dodged            |    51 |    34 ||    85
Block: Buckler           |    24 |    22 ||    46

Table legend: (Time is in decaauts)
 A = Elapsed time spent in this place.
 B = Non-inter-level travel time spent in this place.
 C = Inter-level travel time spent in this place.
 D = Time resting spent in this place.
 E = Time spent auto-exploring this place.
 F = Levels seen in this place.
 G = Mean time per level.
                   A        B        C        D        E       F      G
               +--------+--------+--------+--------+--------+-----+--------+
         Total |   3169 |   3068 |    101 |    952 |   1661 |   3 | 1056.3 |
       Dungeon |   3169 |   3068 |    101 |    952 |   1661 |   3 | 1056.3 |
               +--------+--------+--------+--------+--------+-----+--------+

Top non-repeatable levels by time:
     D:2: 1612 daAuts
     D:1: 1051 daAuts
     D:3: 504 daAuts
